 Dungeon Crawl Stone Soup version 0.13-a0-3016-gcb2faac (webtiles) character file.

278 Malachi the Practitioner (level 3, -2/30 HPs)
             Began as a Djinni Healer on Sept 12, 2013.
             Was a Believer of Elyvilon.
             Slain by a rat (3 damage)
             ... on Level 2 of the Dungeon.
             The game lasted 00:06:44 (2862 turns).

Malachi the Practitioner (Djinni Healer)            Turns: 2862, Time: 00:06:44

HP  -2/30        AC  3     Str 13      XL: 3   Next: 51%
MP   0/0         EV 12     Int 12      God: Elyvilon [**....]
Gold 229         SH  0     Dex 12      Spells:  0 memorised,  2 levels left

Res.Fire  : + + +   See Invis. : .   i - +0 dwarf sabre
Res.Cold  : x . .   Warding    : .   a - +1 robe
Life Prot.: + + +   Conserve   : .   (no shield)
Res.Poison: .       Res.Corr.  : .   (no helmet)
Res.Elec. : .       Clarity    : .   (no cloak)
Sust.Abil.: . .     Spirit.Shd : .   (no gloves)
Res.Mut.  : .       Stasis     : .   (boots unavailable)
Res.Rott. : .       Flight     : .   (no amulet)
Saprovore : . . .                    (no ring)
                                     (no ring)

@: very slightly contaminated, not resistant to hostile enchantments, unstealthy
A: fire immunity, cold vulnerability, life protection 3
a: Lesser Healing, Lesser Self-Healing, Divine Protection, Purification,
Renounce Religion


You were on level 2 of the Dungeon.
You worshipped Elyvilon.
Elyvilon was most pleased with you.
You were not hungry.

You visited 1 branch of the dungeon, and saw 3 of its levels.

You collected 129 gold pieces.

Inventory:

Hand weapons
 i - a +0,+0 dwarven sabre (weapon)
Missiles
 g - 11 poisoned needles
Armour
 a - a +1 robe (worn)
Scrolls
 e - 3 scrolls of identify {unknown}
 h - a scroll of amnesia {unknown}
Jewellery
 f - an uncursed ring of teleport control {unknown}
Potions
 b - a potion of curing
 c - a potion of heal wounds
 d - a potion of confusion {unknown}


   Skills:
 + Level 1.8 Fighting
 + Level 2.2 Dodging
 - Level 0.1 Unarmed Combat
 + Level 5.2 Invocations


You had 2 spell levels left.
You didn't know any spells.

Dungeon Overview and Level Annotations

Branches:
Dungeon (3/27)

Altars:
Okawaru

Annotations:
D:2 Terence
D:3 Malachi's ghost, average DjFi


Innate Abilities, Weirdness & Mutations

You are immune to all types of fire, even holy and hellish.
You are vulnerable to cold.
You need no food.
You have no legs.
You are immune to negative energy.


Message History

The light of Elyvilon fails to reach Terence.
The rat twitches its whiskers.
The rat bites you but does no damage.
Use which ability? (? or * to list)
Press: ? - help, Dir - move target cursor, f/p - Terence Heal: Terence, wielding a flail and wearing a scale mail The light of Elyvilon fails to reach Terence.
Terence hits you with a flail!
* * * LOW HITPOINT WARNING * * *
The rat bites you.
* * * LOW HITPOINT WARNING * * *
Use which ability? (? or * to list)
You haven't enough essence at the moment.
Unknown command.
You barely miss the rat. The rat bites you.
* * * LOW HITPOINT WARNING * * *
Terence says, "How do you enjoy it?" Terence misses you.
You barely miss the rat. The rat bites you.
You die...

#............###
##.####.......# #
##...###.###.#<###
#........# #...##.
#>...###.###..###.
#.#.## #.>....# #.
#.#.# ###....# #.
#@#.# ###..###.
#@#.#### #......
#r#....# ##.####
#.####.# #.# # #.#
#.# #.# #
#.####.######.####
#.............##..
######.########...
#.########...
#............


You could see Terence and a rat.

Vanquished Creatures
  An ooze (D:2)
  3 giant cockroaches (D:2)
4 creatures vanquished.

Vanquished Creatures (others)
  A hobgoblin (D:1)
  A goblin (D:1)
  A rat (D:2)
3 creatures vanquished.

Grand Total: 7 creatures vanquished

Notes
Turn   | Place    | Note
--------------------------------------------------------------
     0 | D:1      | Malachi, the Djinni Healer, began the quest for the Orb.
     0 | D:1      | Reached XP level 1. HP: 16/16 MP: 0/0
   755 | D:1      | Reached XP level 2. EP: 23/23
  1141 | D:2      | Found an iron altar of Okawaru.
  1241 | D:2      | Noticed Jessica
  1248 | D:2      | HP: 1/23 [Jessica/wand of magic darts (6)]
  1255 | D:2      | Elyvilon protects you from harm!
  1262 | D:2      | Elyvilon protects you from harm!
  1263 | D:2      | Pacified Jessica
  1433 | D:2      | Reached XP level 3. EP: 30/30
  1471 | D:2      | Reached skill level 5 in Invocations
  2226 | D:3      | Noticed Malachi's ghost (average DjFi)
  2239 | D:3      | HP: 1/30 [Malachi's ghost (3)]
  2854 | D:3      | Noticed Terence
  2861 | D:2      | HP: 1/30 [rat (1)]
  2862 | D:2      | Slain by a rat

Action                   || total
-------------------------++-------
Melee: Unarmed           ||    17
       Sabre             ||    18
Invok: Lesser Healing    ||    95
